 Dungeon Crawl Stone Soup version 0.20.1-1-g8b1a95d (webtiles) character file.

296 Ceann the Slasher (level 6, -2/47 HPs)
             Began as a Demonspawn Gladiator on Sept 26, 2017.
             Killed from afar by an orc wizard (11 damage)
             ... with a puff of flame
             ... on level 4 of the Dungeon.
             The game lasted 00:05:51 (2911 turns).

Ceann the Slasher (Demonspawn Gladiator)            Turns: 2911, Time: 00:05:52

Health: -2/47      AC:  5    Str: 15    XL:     6   Next: 12%
Magic:  6/6        EV: 13    Int: 10    God:
Gold:   193        SH:  0    Dex: 15    Spells: 5/5 levels left

rFire    . . .     SeeInvis .   a - +0 long sword
rCold    . . .     Gourm    .   (no shield)
rNeg     . . .     Faith    .   b - +0 leather armour
rPois    .         Spirit   .   (helmet restricted)
rElec    .         Reflect  .   (no cloak)
rCorr    .         Harm     .   (no gloves)
MR       .....                  (no boots)
Stlth    ++........             (no amulet)
Regen    0.2/turn               (no ring)
MPRegen  0.1/turn               (no ring)

@: no status effects
A: horns 1, slimy green scales 1, demonic guardian 1
a: no special abilities


You were on level 4 of the Dungeon.
You were not hungry.

You visited 1 branch of the dungeon, and saw 4 of its levels.
You also visited: Sewer.

You collected 193 gold pieces.

Inventory:

Hand Weapons
 a - a +0 long sword (weapon)
Missiles
 d - 3 throwing nets (quivered)
Armour
 b - a +0 leather armour (worn)
 c - a +0 helmet
Wands
 n - a wand of iceblast (10/15)
Scrolls
 e - 4 scrolls of teleportation
 h - 2 scrolls of enchant armour {unknown}
 i - a scroll of recharging {unknown}
 j - 4 scrolls of remove curse {unknown}
 k - 2 scrolls of identify {unknown}
 t - a scroll of blinking {unknown}
 v - a scroll of random uselessness {unknown}
Potions
 l - 6 potions of curing {unknown}
 m - a potion of degeneration {unknown}
 o - a potion of might {unknown}
 p - 2 potions of berserk rage {unknown}
 s - 2 potions of flight
 u - 2 potions of heal wounds {unknown}
Comestibles
 f - 4 bread rations
 g - a royal jelly
 q - a meat ration


   Skills:
 + Level 3.1 Fighting
 + Level 4.6 Long Blades
 + Level 2.0 Throwing
 + Level 1.9 Armour
 + Level 3.4 Dodging
 + Level 1.1 Stealth


You had 5 spell levels left.
You didn't know any spells.

Dungeon Overview and Level Annotations

Branches:
Dungeon (4/15)
 Temple: D:4-7

Altars:
Cheibriados
Elyvilon
Fedhas
Gozag
Qazlal
Xom
Yredelemnul
The Shining One


Innate Abilities, Weirdness & Mutations

You have a pair of small horns on your head.
You are partially covered in slimy green scales. (AC +2)
A weak demonic guardian rushes to your aid.


Message History

The orc wizard completely misses you.
You riposte.
You closely miss the orc wizard.
The orc wizard is severely wounded.
The orc closely misses you.
You riposte.
You barely miss the orc.
The orc is moderately wounded.
You closely miss the orc wizard.
The orc wizard is severely wounded.
The orc wizard hits you but does no damage.
The orc wizard casts a spell at you. The puff of frost hits you!
* * * LOW HITPOINT WARNING * * *
The orc hits you but does no damage.
You barely miss the orc wizard.
The orc wizard is severely wounded.
The orc wizard completely misses you. The orc barely misses you.
You riposte.
You hit the orc but do no damage.
The orc is moderately wounded.
The orc wizard points at you and mumbles some strange words.
The puff of flame hits you!
You die...

#≈≈≈#.....#.....##..#............
#≈≈≈#.....#.....##..#...........#
#≈÷≈#######...(.##..#....########
#≈.≈#.....'..........#####
#≈≈≈#.....#.....####.#
#≈≈≈#############....# #≈≈≈#
#...........# #≈≈≈#
.#.....o)....#####
#÷..#....#.....o@........#
.........#.....[.####....#
.........#.......# #....#
.........#.......# #....#
##########.......# #....#
######### ######


You could see an orc wizard and an orc.

Vanquished Creatures
  An ogre (D:4)
  An orc priest (D:4)
  A worker ant (D:4)
  A merfolk siren (Sewer)
  5 adders
  A river rat (Sewer)
  An ooze (D:1)
  2 worms
  5 leopard geckos
  An orc (D:3)
  7 bats
  6 giant cockroaches
  5 goblins
  7 hobgoblins
  7 kobolds
  2 quokkas
  5 ball pythons
  8 frilled lizards
  26 rats
92 creatures vanquished.

Vanquished Creatures (collateral kills)
  A merfolk avatar (Sewer)
  An orc (D:4)
  A frilled lizard (Sewer)
  2 rats (Sewer)
5 creatures vanquished.

Vanquished Creatures (others)
  5 dream sheep (D:4)
5 creatures vanquished.

Grand Total: 102 creatures vanquished

Notes
Turn   | Place    | Note
-------+----------+-------------------------------------------
     0 | D:1      | Ceann the Demonspawn Gladiator began the quest for the Orb.
     0 | D:1      | Reached XP level 1. HP: 16/16 MP: 1/1
    78 | D:1      | Reached skill level 3 in Long Blades
   146 | D:1      | Gained mutation: You are partially covered in slimy green scales. (AC +2) [demonic ancestry]
   146 | D:1      | Reached XP level 2. HP: 21/22 MP: 2/2
   781 | D:2      | Reached XP level 3. HP: 27/27 MP: 3/3
   851 | D:2      | Found an opulent altar of Gozag.
  1091 | D:2      | Found a stormy altar of Qazlal.
  1567 | D:3      | Found a white marble altar of Elyvilon.
  1645 | D:3      | Found a glowing golden altar of the Shining One.
  1646 | D:3      | Found a snail-covered altar of Cheibriados.
  1716 | D:3      | Found a basalt altar of Yredelemnul.
  1795 | D:3      | Found a blossoming altar of Fedhas.
  1808 | D:3      | Gained mutation: A weak demonic guardian rushes to your aid. [demonic ancestry]
  1808 | D:3      | Reached XP level 4. HP: 28/34 MP: 4/4
  1921 | D:3      | Noticed an angel
  1982 | D:4      | Reached skill level 1 in Armour
  1999 | D:4      | Found a glowing drain.
  2028 | Sewer    | Entered a sewer
  2111 | Sewer    | Reached skill level 4 in Long Blades
  2124 | Sewer    | Reached XP level 5. HP: 27/39 MP: 5/5
  2629 | Sewer    | Reached skill level 1 in Stealth
  2756 | D:4      | Noticed an ogre
  2770 | D:4      | Killed an ogre
  2782 | D:4      | Found a shimmering altar of Xom.
  2782 | D:4      | Noticed a dream sheep
  2782 | D:4      | Noticed a dream sheep
  2782 | D:4      | Noticed a dream sheep
  2782 | D:4      | Noticed a dream sheep
  2782 | D:4      | Noticed a dream sheep
  2788 | D:4      | Killed a dream sheep
  2788 | D:4      | Killed a dream sheep
  2788 | D:4      | Killed a dream sheep
  2788 | D:4      | Killed a dream sheep
  2789 | D:4      | Killed a dream sheep
  2812 | D:4      | Gained mutation: You have a pair of small horns on your head. [demonic ancestry]
  2812 | D:4      | Reached XP level 6. HP: 42/47 MP: 6/6
  2911 | D:4      | Killed from afar by an orc wizard

Skill      XL: |  1  2  3  4  5 |
---------------+----------------+-----
Long Blades    | 3 4 |  4.6
Throwing       | 2 |  2.0
Dodging        | 3 |  3.4
Armour         | 1 |  1.9
Stealth        | 1 |  1.1
Fighting       | 3 |  3.1

Action                   |  1- 3 |  4- 6 || total
-------------------------+-------+-------++-------
Melee: Long sword        |   124 |   135 ||   259
       Headbutt          |       |     2 ||     2
  Use: Potion            |       |     2 ||     2
 Stab: Sleeping          |     2 |     1 ||     3
       Distracted        |       |     1 ||     1
  Eat: Chunk             |     2 |     5 ||     7
Armor: Leather armour    |    42 |    39 ||    81
Dodge: Dodged            |    89 |    93 ||   182
       Rpst.: Long sword |    24 |    35 ||    59
